 Dungeon Crawl Stone Soup version 0.25.1-2-g60ff931df9 (webtiles) character file.

Game seed: 16671858262220481189

82469 lorenzova the Eclecticist (level 15, 0/72 HPs)
             Began as a Deep Elf Conjurer on Oct 15, 2020.
             Was a High Priest of Vehumet.
             Slain by a troll (5 damage)
             ... while paralysed by an ogre mage
             ... on level 15 of the Dungeon on Oct 16, 2020.
             The game lasted 01:01:41 (27611 turns).

lorenzova the Eclecticist (Deep Elf Conjurer)      Turns: 27611, Time: 01:01:42

Health: 0/72       AC:  8    Str:  1    XL:     15   Next: 29%
Magic:  28/50      EV:  2    Int: 33    God:    Vehumet [*****.]
Gold:   1886       SH:  0    Dex: 12    Spells: 28/55 levels left

rFire    + . .     SeeInvis +   s - staff of fire
rCold    + + +     Gourm    .   N - +2 buckler
rNeg     + . .     Faith    .   Y - +0 leather armour {rC+}
rPois    +         Spirit   .   h - +2 helmet of Dishonesty {rElec Int+3 Dex-3}
rElec    +         Reflect  .   (no cloak)
rCorr    .         Harm     .   a - +0 pair of gloves "Ivuxux" {rC++ Str-4}
MR       +....                  n - +0 pair of boots
Stlth    ++........             B - amulet of the acrobat
HPRegen  0.22/turn              A - ring of magical power
MPRegen  0.32/turn              R - ring of Yhapperu {Wiz rPois rN+ Int+3 SInv}

@: paralysed, lightly drained
A: no striking features
a: Renounce Religion


You were on level 15 of the Dungeon.
You worshipped Vehumet.
Vehumet was extremely pleased with you.
You were not hungry.

You visited 3 branches of the dungeon, and saw 20 of its levels.
You also visited: Sewer and Ice Cave.

You collected 2045 gold pieces.
You spent 159 gold pieces at shops.

Inventory:

Hand Weapons
 e - a +2 dagger of draining
Armour
 a - the +0 pair of gloves "Ivuxux" (worn) {rC++ Str-4}
   (You found it on level 9 of the Dungeon)

   It affects your strength (-4).
   It greatly protects you from cold.
 h - the +2 helmet of Dishonesty (worn) {rElec Int+3 Dex-3}
   (You acquired it on level 1 of the Lair of Beasts)

   It affects your intelligence (+3).
   It affects your dexterity (-3).
   It insulates you from electricity.
 n - a +0 pair of boots (worn)
 L - a +1 robe of magic resistance
 N - a +2 buckler (worn)
 Y - a +0 leather armour of cold resistance (worn)
Magical Staves
 s - an uncursed staff of fire (weapon)
 F - an uncursed staff of air
Jewellery
 l - a +6 ring of intelligence
 v - a +6 ring of dexterity
 A - a ring of magical power (left hand)
 B - an amulet of the acrobat (around neck)
 D - an uncursed ring of resist corrosion
 K - an uncursed ring of positive energy
 M - an uncursed ring of ice
 R - the ring of Yhapperu (right hand) {Wiz rPois rN+ Int+3 SInv}
   (You found it on level 1 of the Lair of Beasts)

   [ring of wizardry]

   It improves your spell success rate.
   It affects your intelligence (+3).
   It protects you from poison.
   It protects you from negative energy.
   It lets you see invisible.
 W - an uncursed ring of fire
 X - a +4 ring of protection
Wands
 G - a wand of digging (4)
 H - a wand of iceblast (10)
 I - a wand of clouds (13)
 J - a wand of random effects (62)
 S - a wand of enslavement (9)
Scrolls
 d - 7 scrolls of teleportation
 f - 3 scrolls of enchant armour
 j - 3 scrolls of fear
 o - 8 scrolls of enchant weapon
 q - 8 scrolls of amnesia
 t - 3 scrolls of magic mapping
 y - a scroll of acquirement
 C - 2 scrolls of blinking
 O - 2 scrolls of vulnerability
 P - 3 scrolls of remove curse
 U - a scroll of identify
Potions
 b - 4 potions of brilliance
 g - 10 potions of curing
 i - 2 potions of ambrosia {unknown}
 k - 6 potions of heal wounds
 m - 3 potions of mutation {unknown}
 p - 6 potions of flight
 r - 3 potions of invisibility
 u - 3 potions of lignification
 w - 3 potions of cancellation
 x - 2 potions of haste
 z - 4 potions of might
 E - 2 potions of magic
 Q - a potion of stabbing
 T - 3 potions of berserk rage
Comestibles
 c - 44 rations
 V - 4 chunks of flesh


   Skills:
 - Level 2.4(2.1) Dodging
 - Level 2.4(2.1) Stealth
 - Level 4.0(3.7) Shields
 * Level 20.5(20.1) Spellcasting
 * Level 18.0(17.7) Conjurations
 - Level 9.0(8.7) Hexes
 - Level 6.0(5.7) Translocations
 - Level 8.6(8.3) Fire Magic
 * Level 3.6(3.4) Air Magic


You had 28 spell levels left.
You knew the following spells:

 Your Spells              Type           Power        Failure   Level  Hunger
a - Magic Dart            Conj           ####         0%          1    None
b - Searing Ray           Conj           ######       0%          2    None
c - Iskenderun's Mystic   Conj/Tloc      #######.     1%          4    None
d - Fulminant Prism       Conj/Hex       #######...   1%          4    None
e - Inner Flame           Hex/Fire       #######.     1%          3    None
f - Hailstorm             Conj/Ice       #######.     1%          4    None
l - Lightning Bolt        Conj/Air       #######...   1%          5    None
s - Sticky Flame          Conj/Fire      ########     1%          4    None

Your spell library contained the following spells:

 Spells                   Type           Power        Failure   Level  Hunger
 Beastly Appendage        Tmut           ####..       1%          1    None
 Corona                   Hex            ######.      1%          1    None
 Sting                    Tmut/Pois      ####         1%          1    None
 Poisonous Vapours        Pois/Air       #####.       1%          2    None
 Slow                     Hex            ######..     1%          2    None
 Sticks to Snakes         Tmut           ####....     1%          2    None
 Dazzling Flash           Conj/Hex       ######       1%          3    None
 Ignite Poison            Fire/Tmut/Pois ######..     1%          3    None
 Mephitic Cloud           Conj/Pois/Air  ######..     1%          3    None
 Portal Projectile        Hex/Tloc       ######       1%          3    None
 Cause Fear               Hex            ######....   1%          4    None
 Leda's Liquefaction      Hex/Erth       ######....   1%          4    None
 Spider Form              Tmut/Pois      ####......   3%          3    None
 Olgreb's Toxic Radiance  Pois           ####....     3%          4    None
 Ice Form                 Ice/Tmut       ####....     12%         4    None
 Blade Hands              Tmut           ####......   32%         5    None


Dungeon Overview and Level Annotations

Branches:
Dungeon (12/15)            Temple (1/1) D:5            Lair (6/6) D:9
 Shoals (0/4) Lair:3        Snake (0/4) Lair:3        Slime (0/5) Lair:5
    Orc (0/2) D:12          Sewer (visited)           IceCv (visited)

Altars:
Dithmenos
Hepliaklqana
Nemelex Xobeh
Sif Muna
Trog
Vehumet
Wu Jian
Xom
The Shining One

Shops:
D:6 *   D:7 (

Annotations:
D:7 2 transporters
D:10 3 runed translucent doors, Skimidon's ghost, novice MiBe


Message History

You're too confused to cast spells.
There isn't anything to butcher here.
You're too confused to cast spells.
There isn't anything to butcher here.
You're too confused to cast spells.
Unknown command.
Your magical effects are unravelling.
You feel magically purged.
You feel less confused.
The ogre mage gestures at you while chanting.
You suddenly lose the ability to move!
The troll bites you. The troll claws you but does no damage.
The troll claws you.
The deep elf archer shoots an arrow.
The arrow hits you!!
* * * LOW HITPOINT WARNING * * *
The troll bites you!
* * * LOW HITPOINT WARNING * * *
The troll barely misses you. The troll claws you but does no damage.
The ogre mage casts a spell at you.
You easily resist.
The troll bites you.
You die...

...#. ##.#.
##†..# #†e..#
.## #.().#
#...####.)..#
#......O.###
...##..###
##@# #T# #5#
#.. #c. #...
#... ..###


You could see an ogre mage (fast), a deep elf archer (repels missiles), a troll,
a centaur and a crimson imp.

Vanquished Creatures
  3 azure jellies (Lair:6)
  A reaper (IceCv)
  A dire elephant (Lair:6)
  4 death oozes (Lair:6)
  An ettin (D:15)
  3 great orbs of eyes (Lair:6)
  6 hydras
  A catoblepas (Lair:6)
  A centaur warrior (D:10)
  A death knight (D:11)
  Erica (D:9)
  5 two-headed ogres
  8 death yaks (Lair:6)
  Urug (Lair:4)
  A skeletal warrior (D:11)
  A phantasmal warrior (D:11)
  6 wizards (D:12)
  Pikel (D:7)
  A lindwurm (Lair:6)
  3 oklob plants (Lair:5)
  An orc sorcerer (D:15)
  3 ugly things (D:11)
  6 elephants
  A guardian serpent (Lair:3)
  A manticore (Lair:3)
  2 ice statues (IceCv)
  Joseph (D:9)
  11 black mambas
  Maurice (D:9)
  Psyche (D:10)
  2 centaur skeletons (D:10)
  9 spiny frogs
  4 rime drakes
  A torpor snail (Lair:6)
  2 kobold demonologists (D:11)
  3 komodo dragons
  9 ice devils (IceCv)
  10 polar bears (Lair:6)
  4 blink frogs (Lair:6)
  15 dream sheep
  12 hippogriffs
  2 slime creatures (Lair:6)
  A shadow (D:11)
  A wraith (D:11)
  Sigmund (D:2)
  2 vampires (D:12)
  5 wyverns
  45 yaks
  Eustachio (D:4)
  2 basilisks
  A hungry ghost (D:9)
  7 wargs
  Edmund (D:4)
  17 hell hounds
  12 water moccasins
  2 porcupines
  7 orc warriors
  9 ice beasts
  2 slaves (D:7)
  2 phantoms
  4 sky beasts
  14 black bears
  A hornet zombie (D:8)
  7 ogres
  22 wolves
  6 centaurs
  15 crocodiles
  5 big kobolds
  Blork the orc (D:4)
  15 bullfrogs
  A wyvern skeleton (D:9)
  6 scorpions
  12 killer bees
  A wight (D:12)
  3 howler monkeys
  6 electric eels
  A quasit (D:12)
  2 centaur zombies
  7 hounds
  6 orc priests
  9 jellies
  7 orc wizards
  Jessica (D:2)
  Natasha (thrice) (D:3)
  5 worker ants
  5 iguanas
  A hound zombie (D:6)
  2 howler monkey zombies
  3 worker ant zombies
  13 adders
  3 gnolls (D:7)
  2 river rats
  2 shadow imps
  5 white imps (IceCv)
  8 ufetubi (IceCv)
  10 oozes (Lair:6)
  An adder zombie (D:8)
  2 worms
  2 dart slugs
  5 leopard geckos
  42 orcs
  12 giant cockroaches
  7 hobgoblins
  11 jackals
  A quokka (D:2)
  3 ball pythons
  5 bats
  8 frilled lizards
  12 goblins
  A jackal zombie (D:8)
  24 kobolds
  2 leopard gecko zombies (D:8)
  A quokka skeleton (D:3)
  7 rats
  8 fungi
  12 plants
649 creatures vanquished.

Vanquished Creatures (others)
  5 white imps (IceCv)
  2 ufetubi (IceCv)
  An orc (D:7)
  A bush (Lair:6)
  272 fulminant prisms
  20 fungi
  45 plants
346 creatures vanquished.

Grand Total: 995 creatures vanquished

Notes
Turn   | Place    | Note
-------+----------+-------------------------------------------
     0 | D:1      | lorenzova the Deep Elf Conjurer began the quest for the
                  | Orb.
     0 | D:1      | Reached XP level 1. HP: 10/10 MP: 6/6
   287 | D:1      | Reached XP level 2. HP: 15/15 MP: 2/8
   308 | D:1      | Learned a level 2 spell: Searing Ray
  1089 | D:2      | Noticed Sigmund
  1113 | D:2      | Reached skill level 4 in Spellcasting
  1113 | D:2      | Reached skill level 5 in Conjurations
  1113 | D:2      | Reached XP level 3. HP: 2/19 MP: 0/10
  1113 | D:2      | Killed Sigmund
  1113 | D:2      | Reached skill level 5 in Spellcasting
  1113 | D:2      | Reached XP level 4. HP: 3/24 MP: 0/13
  1113 | D:2      | Reached XP level 5. HP: 4/28 MP: 0/15
  1815 | D:2      | Reached skill level 6 in Spellcasting
  2279 | D:2      | Noticed Jessica
  2282 | D:2      | Killed Jessica
  2421 | D:3      | Noticed Natasha
  2426 | D:3      | Killed Natasha
  2426 | D:3      | Reached XP level 6. HP: 32/32 MP: 9/17
  2529 | D:3      | Noticed Natasha
  2533 | D:3      | Killed Natasha
  2717 | D:3      | Noticed Natasha
  2721 | D:3      | Killed Natasha
  3477 | D:4      | Noticed Eustachio
  3488 | D:4      | Killed Eustachio
  3488 | D:4      | Reached skill level 7 in Spellcasting
  3488 | D:4      | Reached XP level 7. HP: 36/36 MP: 5/20
  3680 | D:4      | Noticed Blork the orc
  3686 | D:4      | Killed Blork the orc
  3736 | D:4      | Reached skill level 8 in Spellcasting
  4046 | D:4      | Noticed Edmund
  4054 | D:4      | Killed Edmund
  4467 | D:5      | Entered Level 5 of the Dungeon
  4645 | D:5      | Reached skill level 9 in Spellcasting
  4645 | D:5      | Reached XP level 8. HP: 41/41 MP: 16/23
  4729 | D:5      | Found a staircase to the Ecumenical Temple.
  4742 | Temple   | Entered the Ecumenical Temple
  4799 | Temple   | Became a worshipper of Vehumet
  5789 | D:6      | Found a glowing drain.
  5796 | Sewer    | Entered a sewer
  5900 | Sewer    | Reached skill level 10 in Spellcasting
  6063 | Sewer    | Found a white marble altar of Elyvilon.
  6296 | D:6      | Reached * piety under Vehumet
  6296 | D:6      | Offered knowledge of Sandblast by Vehumet.
  6591 | D:6      | Found Oses's General Store.
  6594 | D:6      | Bought a scroll of identify for 22 gold pieces
  6594 | D:6      | Bought a scroll of blinking for 82 gold pieces
  6594 | D:6      | Bought a potion of curing for 33 gold pieces
  6594 | D:6      | Bought a scroll of identify for 22 gold pieces
  6705 | D:6      | Reached skill level 11 in Spellcasting
  6705 | D:6      | Reached skill level 10 in Conjurations
  6917 | D:6      | Reached XP level 9. HP: 45/45 MP: 26/26
  6923 | D:6      | Learned a level 4 spell: Iskenderun's Mystic Blast
  6928 | D:6      | Learned a level 4 spell: Fulminant Prism
  7106 | D:7      | Noticed Pikel
  7115 | D:7      | Killed Pikel
  7115 | D:7      | Reached skill level 1 in Translocations
  7374 | D:7      | Reached ** piety under Vehumet
  7374 | D:7      | Offered knowledge of Freeze by Vehumet.
  7480 | D:7      | Reached skill level 12 in Spellcasting
  7679 | D:7      | Found Vaereodo's Weapon Shoppe.
  7974 | D:7      | Found a hazy altar of Hepliaklqana.
  7978 | D:7      | Found a transporter.
  7987 | D:7      | Noticed a black mamba
  7988 | D:7      | Noticed a green ugly thing
  7991 | D:7      | Found a transporter.
  8005 | D:7      | Noticed a troll
  8005 | D:7      | a black mamba changed into a troll
  8035 | D:7      | Noticed a black mamba
  8035 | D:7      | a troll changed into a black mamba
  8701 | D:8      | Noticed a two-headed ogre
  8718 | D:8      | Killed a two-headed ogre
  8718 | D:8      | Reached XP level 10. HP: 50/50 MP: 27/28
  9460 | D:8      | Offered knowledge of Stone Arrow by Vehumet.
  9508 | D:9      | Noticed Joseph
  9518 | D:9      | Killed Joseph
  9518 | D:9      | Reached skill level 13 in Spellcasting
  9518 | D:9      | Reached skill level 5 in Hexes
  9526 | D:9      | Noticed Erica
  9548 | D:9      | Killed Erica
  9711 | D:9      | Identified the +6 long sword of Suts {antimagic, *Corrode
                  | +Fly MR+ Str+3 Stlth+}
  9711 | D:9      | Noticed Maurice
  9765 | D:9      | Killed Maurice
  9864 | D:9      | Found a staircase to the Lair.
 10178 | D:9      | Reached *** piety under Vehumet
 10317 | D:9      | Reached skill level 5 in Translocations
 10459 | D:10     | Entered Level 10 of the Dungeon
 10480 | D:10     | Offered knowledge of Inner Flame by Vehumet.
 10516 | D:10     | Learned a level 3 spell: Inner Flame
 10673 | D:10     | Noticed a centaur warrior
 10865 | D:10     | Reached skill level 1 in Fire Magic
 10865 | D:10     | Reached XP level 11. HP: 54/54 MP: 24/30
 10871 | D:10     | Noticed Psyche
 10876 | D:10     | Killed Psyche
 10876 | D:10     | Reached skill level 14 in Spellcasting
 11292 | D:10     | Killed a centaur warrior
 11618 | D:10     | Found a runed translucent gate.
 11618 | D:10     | Found a runed translucent gate.
 11618 | D:10     | Found a runed translucent gate.
 11618 | D:10     | Noticed Skimidon's ghost (novice MiBe)
 11763 | Lair:1   | Entered Level 1 of the Lair of Beasts
 11769 | Lair:1   | You fall into a shaft and drop 1 floor!
 11900 | Lair:1   | Reached **** piety under Vehumet
 12173 | Lair:1   | Got a pitted silver ring
 12217 | Lair:1   | Identified the ring of Yhapperu {Wiz rPois rN+ Int+3 SInv}
                  | (You found it on level 1 of the Lair of Beasts)
 12395 | Lair:1   | Offered knowledge of Yara's Violent Unravelling by Vehumet.
 12825 | Lair:2   | Noticed a four-headed hydra
 12834 | Lair:2   | Killed a four-headed hydra
 13227 | Lair:2   | Reached skill level 5 in Fire Magic
 13916 | D:9      | Got a pair of encrusted gloves
 13927 | D:9      | Identified the +0 pair of gloves "Ivuxux" {rC++ Str-4} (You
                  | found it on level 9 of the Dungeon)
 14004 | Lair:3   | Reached skill level 15 in Spellcasting
 14061 | Lair:3   | Found a staircase to the Snake Pit.
 14181 | Lair:3   | Reached XP level 12. HP: 59/59 MP: 33/33
 14444 | Lair:3   | Found a staircase to the Shoals.
 15893 | Lair:4   | Noticed Urug
 15907 | Lair:4   | Killed Urug
 16527 | Lair:5   | Reached skill level 1 in Shields
 16698 | Lair:5   | Found a frozen archway.
 16706 | Lair:5   | Reached ***** piety under Vehumet
 16716 | Lair:5   | Offered knowledge of Hailstorm by Vehumet.
 16762 | IceCv    | Entered an ice cave
 17575 | IceCv    | Reached skill level 16 in Spellcasting
 17886 | IceCv    | Noticed a reaper
 17899 | IceCv    | Killed a reaper
 18686 | Lair:5   | Found a staircase to the Slime Pits.
 18905 | Lair:5   | Reached XP level 13. HP: 56/63 MP: 35/35
 18958 | Lair:5   | Learned a level 4 spell: Hailstorm
 19634 | Lair:6   | Entered Level 6 of the Lair of Beasts
 19637 | Lair:6   | Offered knowledge of Sticky Flame by Vehumet.
 20200 | Lair:6   | Reached skill level 17 in Spellcasting
 20200 | Lair:6   | Reached skill level 15 in Conjurations
 20537 | Lair:6   | Noticed a death ooze
 20543 | Lair:6   | Killed a death ooze
 20682 | Lair:6   | Noticed a death ooze
 20691 | Lair:6   | Killed a death ooze
 20729 | Lair:6   | Reached skill level 18 in Spellcasting
 20831 | Lair:6   | Learned a level 4 spell: Sticky Flame
 21146 | Lair:6   | Reached XP level 14. HP: 68/68 MP: 38/38
 21700 | Lair:6   | Noticed an azure jelly
 21707 | Lair:6   | Killed an azure jelly
 21920 | Lair:6   | Noticed an azure jelly
 21933 | Lair:6   | Killed an azure jelly
 22426 | Lair:6   | Reached skill level 19 in Spellcasting
 22514 | Lair:6   | Paralysed by a great orb of eyes for 5 turns
 22573 | Lair:6   | Noticed an azure jelly
 22586 | Lair:6   | Killed an azure jelly
 22725 | Lair:6   | Offered knowledge of Ozocubu's Refrigeration by Vehumet.
 24390 | Lair:1   | Identified a scroll of acquirement
 24390 | Lair:1   | Acquired the +2 helmet of Dishonesty {rElec Int+3 Dex-3}
 25426 | D:11     | Reached skill level 20 in Spellcasting
 25747 | D:11     | Offered knowledge of Lightning Bolt by Vehumet.
 25754 | D:11     | Learned a level 5 spell: Lightning Bolt
 25941 | D:11     | Reached skill level 1 in Air Magic
 25941 | D:11     | Reached XP level 15. HP: 45/72 MP: 31/41
 27547 | D:12     | Found a staircase to the Orcish Mines.
 27592 | D:12     | You fall into a shaft and drop 3 floors!
 27592 | D:15     | Entered Level 15 of the Dungeon
 27609 | D:15     | Paralysed by an ogre mage for 4 turns
 27611 | D:15     | Slain by a troll

Illustrated notes

Levels and vault maps discovered:
D:1:      lightli_molten_gateway, layout_basic
D:2:      kennysheep_big_flooded_room, layout_loops_ring, minmay_pentomino_q2,
          uniq_sigmund, uniq_jessica
D:3:      layout_basic, first_ration, uniq_natasha
D:4:      layout_rooms, uniq_edmund, uniq_eustachio, uniq_ijyb,
          uniq_blork_the_orc
D:5:      layout_basic, minmay_temple_entry_trees, hex_tiny,
          chequers_serial_rivers_room_b
D:6:      layout_loops_ring, serial_shops, kennysheep_mini,
          gup_sewer_entry_bubbles, chequers_serial_rivers_marsh
D:7:      layout_loops_ring, gammafunk_temple_overflow_arena, serial_shops,
          nicolae_shop_statue_plus, grunt_ogre_cave, serial_bayou_ford_a,
          uniq_pikel
D:8:      layout_basic, minmay_fractal_squares_gapless_5
D:9:      layout_long_grid, lair_entry_dummy, uniq_erica, uniq_joseph,
          uniq_maurice
D:10:     layout_rooms, ebering_ghost_rock_garden, uniq_psyche
D:11:     layout_loops_ring
D:12:     minmay_smoke_and_mirrors, layout_cave_pools, david_orc_1_choice,
          serial_glass, glass_columns_a, glass_columns_b
D:15:     hangedman_depths_entry_civil_slaughter, layout_cave_pods, special_room
          [special_room_bee], minmay_misc_feat_tiny, serial_bayou_pond_e,
          minmay_misc_feat_cross, uniq_azrael, uniq_roxanne
Temple:   minmay_crystal_snake_temple
Lair:1:   layout_roguey
Lair:2:   layout_gridlike, minmay_holes, lemuel_fruit_tree
Lair:3:   layout_concentric_octagons, minmay_shoals_entry_beasts,
          minmay_snake_entry_spellcaster, beast_lair_carwin_10
Lair:4:   layout_small_grid, grunt_forest_small_clearing_treed,
          infiniplex_staircase_pool, uniq_urug
Lair:5:   layout_loops_ring, minmay_slime_entry_oklob_open,
          portal_ice_cave_entry_ice_beasts, infiniplex_staircase_pool_2
Lair:6:   hangedman_lair_caniforms_friends, layout_long_grid,
          hangedman_lair_in_review, special_room [special_room_jelly]

Skill      XL: |  1  2  3  4  5  6  7  8  9 10 11 12 13 14 15 |
---------------+----------------------------------------------+-----
Spellcasting   | 4 5 6 7 9 11 12 13 15 16 18 20 | 20.5
Conjurations   | 5 6 7 8 10 11 12 13 14 16 17 18 | 18.0
Hexes          | 4 6 7 9 |  9.0
Translocations | 3 5 6 |  6.0
Fire Magic     | 1 5 8 |  8.6
Shields        | 2 4 |  4.0
Air Magic      | 1 3 |  3.6
Dodging        | |  2.4
Stealth        | |  2.4

Action                   |  1- 3 |  4- 6 |  7- 9 | 10-12 | 13-15 || total
-------------------------+-------+-------+-------+-------+-------++-------
Melee: Staff             |       |       |       |       |     2 ||     2
 Cast: Magic Dart        |    32 |    64 |   174 |   124 |    95 ||   489
       Searing Ray       |     2 |    11 |    52 |    94 |    54 ||   213
       Fulminant Prism   |       |       |    12 |   109 |   151 ||   272
       Iskenderun's Myst |       |       |       |    38 |    92 ||   130
       Hailstorm         |       |       |       |       |    65 ||    65
       Lightning Bolt    |       |       |       |       |    43 ||    43
       Sticky Flame      |       |       |       |       |     2 ||     2
Evoke: Wand              |       |       |       |       |     1 ||     1
  Use: Scroll            |     1 |     5 |     8 |    13 |     5 ||    32
       Potion            |       |       |       |       |     1 ||     1
  Eat: Chunk             |       |     7 |    12 |    27 |    21 ||    67
       Ration            |       |       |     1 |     1 |     2 ||     4
Armor: Robe              |     1 |     3 |     3 |     9 |       ||    16
       Leather armour    |       |       |       |       |     9 ||     9
Dodge: Dodged            |     7 |    11 |    24 |    88 |    37 ||   167
Block: Buckler           |       |       |       |     8 |    23 ||    31
